Map: Ascension to Aiur LE

Players

Adapt - Winner!

  • Race: Zerg Zerg
  • League: Diamond
  • Spawn Location: 11:00

SanchitO

  • Race: Terran Terran
  • League: Diamond
  • Spawn Location: 5:00

VOD

Have the link to the VOD?

Description

2b nydus swarm host into crazy back and forth game

Time

  • Played on: Sept. 15, 2017, 12:15 a.m.
  • Length: 18:03
Show
View Real Time Build Order
Export as new Build Order

Adapt Zerg - Winner!

Build Orders: Hatch First, Muta Ling Bane, Swarm Host 

Get SALT Encoding   

  12  0:01  Drone  
  13  0:12  Overlord  
  13  0:17  Drone  
  14  0:30  Drone x2  
  14  0:34  Drone  
  17  0:53  Hatchery  
  17  0:56  Drone  
  17  0:59  Extractor  
  17  1:02  Drone  
  17  1:18  Spawning Pool  
  16  1:20  Drone  
  16  1:24  Drone  
  18  1:27  Drone  
  19  1:39  Overlord  
  19  2:07  Queen x2  
  23  2:09  Metabolic Boost  
  23  2:14  Roach Warren  
  22  2:16  Zergling x2  
  22  2:19  Zergling x2  
  24  2:23  Zergling x2  
  25  2:41  Drone  
  25  2:42  Drone x4  
  30  3:01  Drone x2  
  30  3:02  Drone  
  33  3:07  Drone  
  33  3:08  Drone  
  35  3:14  Overlord  
  35  3:50  Drone  
  35  3:51  Drone x7  
  42  4:02  Overlord  
  42  4:19  Zergling x2  
  42  4:22  Overlord x3  
  43  4:26  Pneumatized Carapace  
  43  4:28  Lair  
  43  4:29  Hatchery  
  42  4:39  Drone  
  42  4:40  Drone x7  
  50  4:49  Zergling x2  
  50  4:51  Baneling Nest  
  50  5:00  Extractor  
  50  5:01  Extractor  
  50  5:04  Extractor, Drone x3  
  50  5:09  Queen  
  52  5:15  Overlord x2  
  52  5:25  Zergling x12  
  58  5:45  Queen  
  58  5:47  Centrifical Hooks  
  60  5:54  Queen  
  60  5:56  Zergling x6  
  60  5:57  Zergling x12  
  71  6:03  Zergling x6  
  74  6:13  Hatchery  
  74  6:16  Evolution Chamber  
  74  6:17  Evolution Chamber  
  71  6:18  Infestation Pit  
  71  6:24  Zergling x2  
  71  6:25  Zergling x18  
  71  6:40  Zergling x2  
  71  6:41  Zergling x6  
  71  6:44  Queen  
  77  6:52  Zergling x18  
  86  6:59  Drone  
  86  7:00  Drone  
  88  7:05  Zerg Melee Weapons Level 1, Spire, Zerg Ground Armor Level 1  
  87  7:10  Pathogen Glands  
  87  7:12  Zergling x2  
  87  7:13  Zergling x2  
  89  7:16  Overlord  
  89  7:29  Drone x6  
  95  7:39  Drone  
  95  7:40  Drone x6  
  102  7:46  Hive  
  102  8:11  Zergling x4  
  104  8:14  Baneling  
  104  8:15  Baneling x10  
  104  8:17  Overlord x6  
  104  8:23  Zerg Flyer Armor Level 1  
  104  8:31  Burrow  
  104  8:35  Drone x8  
  104  8:36  Drone x2  
  104  8:38  Extractor  
  104  8:40  Extractor  
  112  8:54  Mutalisk x3  
  112  8:55  Mutalisk x3  
  109  9:18  Zergling x16  
  109  9:19  Zergling x14  
  124  9:24  Mutalisk  
  124  9:25  Mutalisk  
  128  9:36  Mutalisk  
  128  9:37  Mutalisk x2  
  134  9:45  Overseer  
  134  9:47  Baneling  
  134  9:56  Drone  
  134  9:57  Drone x10  
  145  10:20  Overlord x3  
  145  10:23  Extractor  
  145  10:24  Hatchery  
  145  10:25  Zerg Melee Weapons Level 2  
  145  10:27  Extractor  
  142  10:38  Baneling x14  
  142  10:39  Baneling x7  
  132  11:04  Zergling x2  
  132  11:05  Zergling x42  
  132  11:06  Zergling x2  
  132  11:11  Baneling x8  
  155  11:12  Baneling  
  155  11:33  Zerg Ground Armor Level 2  
  136  11:46  Zergling x10  
  136  11:47  Zergling x30  
  134  11:49  Baneling  
  134  11:50  Baneling x11  
  134  11:51  Baneling  
  140  11:58  Drone  
  140  11:59  Drone x6  
  140  12:00  Drone  
  148  12:02  Drone  
  148  12:04  Drone  
  150  12:18  Greater Spire  
  150  12:19  Adrenal Glands  
  150  12:23  Swarm Host  
  150  12:24  Swarm Host x5  
  150  12:25  Swarm Host  
  171  12:36  Swarm Host  
  171  12:37  Swarm Host x2  
  180  12:51  Zergling x4  
  181  12:55  Overlord x6  
  181  12:56  Overlord x3  
  182  12:59  Overseer x2  
  182  13:00  Overseer x3  
  175  13:27  Swarm Host x7  
  145  13:56  Zergling x6, Hatchery  
  145  13:57  Zergling x32  
  157  14:15  Zergling x12  
  160  14:17  Baneling  
  160  14:18  Baneling x15  
  152  14:33  Zergling x16  
  159  14:44  Zergling x8, Hatchery  
  159  14:45  Extractor  
  161  14:46  Baneling  
  161  14:47  Baneling x16  
  161  14:48  Extractor  
  161  14:55  Hatchery  
  161  14:59  Zergling x6  
  163  15:20  Zergling x10  
  163  15:21  Zergling x8  
  173  15:28  Zergling x2  
  173  15:29  Zergling x4  
  175  15:42  Zergling x8  
  179  15:59  Hatchery  
  178  16:27  Zergling x2  
  178  16:28  Zergling x24  
  191  16:41  Baneling x13  
  191  16:42  Baneling  
  187  16:56  Zergling x2  
  187  16:57  Zergling x14  
  163  17:23  Zergling x14  
  163  17:24  Zergling x18  
  177  17:30  Corruptor  
  177  17:31  Corruptor  
Show
View Real Time Build Order
Export as new Build Order

SanchitO Terran 

Build Orders: Reaper Expand, MMM Bio 

Get SALT Encoding   

  12  0:02  SCV  
  13  0:14  SCV  
  13  0:17  Supply Depot  
  14  0:27  SCV  
  15  0:39  SCV  
  15  0:41  Barracks  
  16  0:47  Refinery  
  16  0:51  SCV  
  17  1:03  SCV  
  18  1:15  SCV  
  19  1:28  Orbital Command  
  19  1:30  Reaper  
  20  1:43  Command Center  
  20  1:57  Barracks, SCV  
  21  2:05  Refinery  
  21  2:06  Barracks Reactor  
  21  2:11  Supply Depot  
  21  2:16  SCV  
  21  2:18  Barracks Reactor  
  22  2:33  Factory  
  22  2:36  SCV  
  23  2:48  SCV  
  23  2:49  Barracks Tech Lab  
  24  2:57  Marine x2  
  26  3:03  SCV  
  27  3:07  Orbital Command  
  27  3:11  Marine  
  27  3:12  Bunker  
  28  3:22  Factory Tech Lab  
  28  3:23  Stimpack  
  28  3:27  SCV  
  28  3:29  Marine x2  
  28  3:30  Marine  
  32  3:39  SCV  
  32  3:51  Marine  
  32  3:52  Siege Tank  
  36  3:57  SCV  
  37  4:04  Supply Depot  
  37  4:05  Marine  
  37  4:07  Supply Depot, Marine  
  37  4:09  SCV  
  40  4:14  SCV, Starport  
  41  4:21  SCV  
  42  4:26  Marine  
  42  4:27  Marine x2  
  45  4:36  SCV  
  45  4:37  SCV  
  47  4:43  Siege Tank  
  47  4:45  Supply Depot  
  51  4:48  SCV  
  51  4:49  Supply Depot  
  51  4:50  Marine  
  54  4:53  Supply Depot  
  52  5:11  Barracks Reactor  
  52  5:12  Medivac x2  
  52  5:13  SCV  
  52  5:14  Command Center  
  57  5:16  SCV  
  60  5:25  Widow Mine, SCV  
  61  5:28  SCV  
  62  5:37  SCV, Marine  
  62  5:38  Combat Shields  
  62  5:40  SCV  
  65  5:46  Barracks x3  
  65  5:49  SCV, Engineering Bay x2  
  66  5:55  Marine  
  67  6:04  Refinery, Supply Depot  
  67  6:13  Marine x2  
  67  6:15  Supply Depot  
  67  6:17  Siege Tank  
  72  6:18  Marine  
  72  6:20  SCV x2  
  72  6:23  Refinery  
  63  6:41  Marine  
  63  6:42  Marine  
  63  6:43  Orbital Command  
  63  6:46  Barracks Reactor  
  65  6:48  Barracks Reactor  
  65  6:53  Barracks Reactor  
  65  6:57  Terran Infantry Weapons Level 1, Terran Infantry Armor Level 1  
  65  6:58  Marine  
  65  6:59  Marine x2  
  68  7:04  Medivac x2  
  72  7:09  Supply Depot x2  
  72  7:10  Supply Depot  
  72  7:16  Marine  
  72  7:17  Marine x2  
  72  7:21  Marine  
  76  7:23  Marine  
  76  7:25  Marine x2  
  76  7:28  Siege Tank  
  82  7:33  SCV  
  82  7:34  Orbital Command, Marine x3  
  82  7:35  Marine x2  
  88  7:39  Marine  
  88  7:41  Marine  
  88  7:42  Marine  
  88  7:43  Marine  
  92  7:46  SCV  
  93  7:52  Barracks, Marine x3  
  93  7:53  Barracks, Marine x2  
  93  7:57  Marine  
  99  7:58  Marine  
  99  8:00  Marine  
  99  8:06  Marine  
  99  8:09  Marine x2  
  102  8:15  Marine  
  103  8:26  Marine  
  103  8:27  Marine x2  
  104  8:29  Marine x2  
  104  8:30  Marine x3  
  104  8:33  Marine  
  112  8:37  Siege Tank  
  112  8:38  Armory  
  115  8:44  Marine x3  
  115  8:47  Marine x2  
  120  8:48  Marine x2  
  120  8:49  Marine x2  
  113  9:07  Marine x4  
  113  9:08  Marine x4  
  116  9:19  Siege Tank  
  111  9:46  Barracks Tech Lab  
  111  9:47  Barracks Tech Lab  
  111  9:51  Siege Tank  
  114  9:52  Missile Turret  
  114  9:53  Marine x3  
  114  9:54  Missile Turret, Marine, Marauder  
  114  9:55  Missile Turret  
  114  9:56  Terran Infantry Weapons Level 2, Terran Infantry Armor Level 2  
  114  9:57  Missile Turret  
  114  9:59  Marine  
  121  10:00  Missile Turret  
  121  10:03  Medivac x2  
  125  10:10  Marine  
  125  10:11  Marine, Marauder  
  125  10:12  Factory  
  129  10:23  Thor  
  129  10:26  SCV  
  136  10:33  Supply Depot  
  136  10:35  Supply Depot  
  136  10:44  Marine x2  
  136  10:45  Marauder  
  136  10:46  Marine  
  141  10:54  Marine x4  
  141  10:55  Marauder  
  145  11:06  Thor  
  145  11:10  Marine x4, Marauder  
  157  11:21  Supply Depot  
  157  11:22  Terran Vehicle Weapons Level 1, Supply Depot  
  157  11:39  Marine x5  
  113  11:48  Marine x3  
  113  11:49  Thor, Marine, Marauder x2  
  127  11:57  Marine x5  
  128  12:06  Marine  
  129  12:10  Factory Tech Lab, Marauder  
  129  12:14  Supply Depot  
  129  12:15  Supply Depot  
  131  12:16  Supply Depot  
  131  12:19  Marine x5, Marauder  
  131  12:20  Marine x2, Marauder  
  142  12:24  Marine  
  143  12:31  Marauder  
  143  12:32  Siege Tank  
  143  12:36  Marine  
  149  12:37  Marine x4  
  149  12:39  Marine x2  
  149  12:40  Siege Tank  
  149  12:41  Marauder x2  
  149  12:42  Marine  
  163  12:44  SCV  
  163  12:45  SCV x2  
  166  12:53  Marauder  
  166  12:54  Marine  
  166  12:55  Marine x2  
  166  12:56  SCV  
  166  12:57  SCV  
  173  12:59  Marine x5  
  173  13:01  Unknown, Medivac  
  173  13:02  Marine, Command Center, Marauder  
  173  13:04  Siege Tank  
  186  13:12  Marine x2, Unknown  
  153  13:29  Marine x3, Marauder  
  153  13:30  Siege Tank, Marine x2  
  153  13:31  Marine, Marauder  
  97  13:56  Marine x4, Marauder  
  97  13:57  Marine x4, Marauder x2  
  108  14:13  Marine  
  108  14:14  Marine x4  
  108  14:16  Missile Turret  
  107  14:19  Planetary Fortress  
  103  14:28  Medivac  
  82  14:42  Siege Tank x2  
  88  14:56  Terran Vehicle Weapons Level 2  
  88  15:00  Marine x2  
  88  15:01  Marine x2, Marauder x2  
  96  15:09  Viking x2  
  83  15:32  Command Center  
  83  15:39  Viking  
  85  15:47  Medivac  
  87  16:02  Orbital Command  
  87  16:09  Viking  
  89  16:16  Refinery x2  
  89  16:17  Viking  
  91  16:20  Starport  
  81  16:37  Marine x2  
  81  16:38  Marine  
  84  16:47  Marine x2, Marauder  
Tags
 
Add a new tag
Caveats
  • Supply blocks, unpowered buildings, or Contaminate may cause inaccurate times.
  • Supply counts are checked every 10 seconds.